cohdb
Replays
Latest Replays
All Replays
Popular Replays
Top Player Replays
Match Explorer
How It Works
Community
CoH3 Stats
Reddit
Sign in to upload your games and track your stats! →
Sign in with Steam
Match 42211123
Unlisted
Match 42211123
Overview
Messages
Build Orders
End
Construct Infanterie Kompanie
Kettenkrad Recon Vehicle
Selects Terror Battlegroup
Selects Machine Gun Camouflage
MG 42 Machine Gun Team
Grenadier Squad
Grenadier Squad
Medical Bunker
Construct Panzergrenadier Kompanie
Panzergrenadier Squad
MG 42 Machine Gun Team
Selects Contempt for the Weak
Pak 40 Anti-tank Gun Team
Support Elements
Selects No Quarter
StuG III G Assault Gun
Panzergrenadier Officer Quarters
Pioneer Squad
Side Skirts
Norwood 3 gaming
Bootyquake
0
0
Comments
sign in to comment!
No comments posted yet!